 Dungeon Crawl Stone Soup version 0.24-a0-381-g637bb3806f (webtiles) character file.

Game seed: 5274096750534896207

46800 Inarius the Scorcher (level 14, -8/76 HPs)
             Began as a Deep Elf Fire Elementalist on May 30, 2019.
             Was a High Priest of Vehumet.
             Mangled by a komodo dragon (22 damage)
             ... on level 5 of the Lair of Beasts on June 3, 2019.
             The game lasted 01:13:25 (21297 turns).

Inarius the Scorcher (Deep Elf Fire Elementalist)  Turns: 21297, Time: 01:13:26

Health: -8/76      AC: 10    Str:  5    XL:     14   Next: 6%
Magic:  25/31      EV: 12    Int: 31    God:    Vehumet [*****.]
Gold:   415        SH:  8    Dex: 18    Spells: 6/35 levels left

rFire    + . .     SeeInvis .   N - staff of fire
rCold    + . .     Gourm    .   D - +0 shield
rNeg     . . .     Faith    .   Q - +0 troll leather armour
rPois    .         Spirit   .   R - +2 hat {MR+}
rElec    .         Reflect  .   w - +0 cloak
rCorr    .         Harm     .   K - +2 pair of gloves {Dex+3}
MR       ++...                  (no boots)
Stlth    ++........             (no amulet)
HPRegen  0.62/turn              S - +5 ring of intelligence
MPRegen  0.22/turn              W - ring of protection from cold

@: lethally poisoned (-8 -> -9)
A: no striking features
a: Renounce Religion


You were on level 5 of the Lair of Beasts.
You worshipped Vehumet.
Vehumet was extremely pleased with you.
You were hungry.

You visited 3 branches of the dungeon, and saw 18 of its levels.

You collected 1115 gold pieces.
You spent 700 gold pieces at shops.

Inventory:

Hand Weapons
 v - the +7 scimitar "Kyaroamu" {slice, *Noise rElec rPois rN+++}
   (You found it on level 2 of the Lair of Beasts)

   It inflicts extra damage upon your enemies.
   It insulates you from electricity.
   It protects you from poison.
   It renders you almost immune to negative energy.
   It may make noises in combat.
 G - a +2 morningstar of flaming
Missiles
 k - 7 javelins (quivered)
Armour
 w - a +0 cloak (worn)
 y - a +0 large shield
 D - a +0 shield (worn)
 K - a +2 pair of gloves of dexterity (worn)
 Q - a +0 troll leather armour (worn)
 R - a +2 hat of magic resistance (worn)
 Z - the +4 chain mail of Purpose {rN+ Str+4 Int+5}
   (You found it on level 4 of the Lair of Beasts)

   It affects your strength (+4).
   It affects your intelligence (+5).
   It protects you from negative energy.
Magical Staves
 N - an uncursed staff of fire (weapon)
Jewellery
 j - an uncursed ring of resist corrosion
 m - an uncursed ring of protection from fire
 F - an uncursed ring of protection from magic
 H - the amulet "Ykommu" {+Inv rC- Regen+ SInv Stlth-}
   (You took it off a gnoll on level 8 of the Dungeon)

   [amulet of regeneration]

   It makes you vulnerable to cold.
   It lets you see invisible.
   It lets you turn invisible.
   It increases your rate of regeneration.
   It makes you less stealthy.
 P - an uncursed ring of protection from magic
 S - a +5 ring of intelligence (left hand)
 W - a ring of protection from cold (right hand)
Wands
 l - a wand of paralysis (6)
 L - a wand of flame (9)
 M - a wand of iceblast (12)
 Y - a wand of polymorph (2)
Scrolls
 f - a scroll of enchant weapon
 i - 6 scrolls of amnesia
 o - a scroll of silence {unknown}
 t - a scroll of fear {unknown}
 u - 4 scrolls of teleportation
 B - a scroll of immolation
 C - 3 scrolls of enchant armour
 E - a scroll of blinking
 O - 2 scrolls of remove curse
 V - a scroll of vulnerability {unknown}
Potions
 a - 3 potions of ambrosia {unknown}
 b - 11 potions of curing
 d - 3 potions of heal wounds {unknown}
 e - 4 potions of degeneration {unknown}
 g - 3 potions of invisibility
 h - a potion of flight {unknown}
 n - 4 potions of lignification
 q - 6 potions of magic {unknown}
 r - a potion of mutation
 s - 3 potions of agility
 x - 4 potions of resistance
 z - 4 potions of haste
 A - 2 potions of might {unknown}
 I - 2 potions of brilliance {unknown}
 T - a potion of berserk rage
 U - a potion of cancellation {unknown}
Miscellaneous
 X - a phial of floods
Comestibles
 c - 40 rations


   Skills:
 * Level 4.9 Fighting
   Level 0.2 Short Blades
 + Level 1.0(1.2) Maces & Flails
 - Level 1.4(1.7) Staves
 + Level 3.1 Armour
 + Level 5.6 Dodging
 - Level 2.8 Stealth
 + Level 4.2 Shields
 + Level 11.4 Spellcasting
 + Level 12.4 Conjurations
 * Level 16.3 Fire Magic
 + Level 0.1 Ice Magic
 + Level 0.3 Poison Magic
 + Level 8.7 Evocations


You had 6 spell levels left.
You knew the following spells:

 Your Spells              Type           Power        Failure   Level  Hunger
a - Flame Tongue          Conj/Fire      #####        1%          1    None
b - Throw Flame           Conj/Fire      ######       1%          2    None
c - Conjure Flame         Conj/Fire      ########     1%          3    None
d - Sticky Flame          Conj/Fire      ########     1%          4    None
e - Fireball              Conj/Fire      ########..   1%          5    ##.....
f - Throw Icicle          Conj/Ice       ######..     4%          4    None
g - Venom Bolt            Conj/Pois      ######....   11%         5    ##.....
h - Bolt of Magma         Conj/Fire/Erth #######...   2%          5    ##.....

Your spell library contained the following spells:

 Spells                   Type           Power        Failure   Level  Hunger
 Yara's Violent Unravell  Hex/Tmut       ###.......   73%         5    ##.....
 Inner Flame              Hex/Fire       #######.     1%          3    None
 Iskenderun's Battlesphe  Conj/Chrm      ######..     11%         5    ##.....
 Animate Skeleton         Necr           N/A          19%         1    None
 Apportation              Tloc           ###...       19%         1    None
 Confusing Touch          Hex            ###...       19%         1    None
 Infusion                 Chrm           ###.         19%         1    None
 Summon Small Mammal      Summ           ###.         19%         1    None
 Shroud of Golubria       Chrm/Tloc      ###.......   26%         2    None
 Song of Slaying          Chrm           ###.....     26%         2    None
 Iron Shot                Conj/Erth      ######....   45%         6    ####...
 Regeneration             Chrm/Necr      ###.......   47%         3    None
 Spectral Weapon          Hex/Chrm       ###.....     47%         3    None
 Orb of Destruction       Conj           #######...   24%         7    ######.
 Spellforged Servitor     Conj/Summ      ######....   94%         7    ######.


Dungeon Overview and Level Annotations

Branches:
Dungeon (11/15)            Temple (1/1) D:7            Lair (6/6) D:8
  Swamp (0/4) Lair:4       Spider (0/4) Lair:4          Orc (0/2) D:11
  Slime: Lair:5-6

Altars:
Ashenzari
Cheibriados
Dithmenos
Elyvilon
Fedhas
Gozag
Hepliaklqana
Kikubaaqudgha
Makhleb
Nemelex Xobeh
Okawaru
Qazlal
Ru
Sif Muna
Trog
Uskayaw
Vehumet
Wu Jian
Xom
Yredelemnul
Zin
The Shining One

Shops:
D:7 *   D:8 =*:

Annotations:
D:4 1 runed translucent door, Enish's ghost, amateur FoCK


Message History

The spiny frog is covered in liquid flames!
The spiny frog burns!
The spiny frog stings you!!
You are poisoned.
The spiny frog poisons you!
A polar bear comes into view.
You feel sick.
The spiny frog burns!
The spiny frog stings you!! The komodo dragon bites you!!
* * * LOW HITPOINT WARNING * * *
You block the spiny frog's attack.
You climb upwards.
You feel sick.
There is a stone staircase leading down here.
Unknown command.
You feel sick.
The spiny frog burns!
You kill the spiny frog!
Vehumet accepts your kill.
You feel your power returning.
Okay, then.
You feel sick.
You feel sick. The komodo dragon bites you!!
You die...

#
##........#.......>..###
###.....<.#...........#
#..####.....#....[..###
#.## ###..#..##.....##
#.# #........#......#
### #..............##
#....>........)#
#......l.......###
#..#....@........#
#####.....#.#...P#
#.#.P##.###### #########


You could see a komodo dragon.

Vanquished Creatures
  Gastronok (D:10)
  Snorg (Lair:5)
  6 hydras
  A merfolk avatar (Lair:6)
  4 two-headed ogres
  5 skeletal warriors (D:11)
  An unseen horror (D:10)
  Pikel (D:6)
  3 cyclopes (D:11)
  3 black mambas
  3 elephants (Lair:6)
  11 spiny frogs
  A rime drake (Lair:6)
  10 komodo dragons
  A meliai (Lair:5)
  2 trolls
  3 hornets
  3 polar bears
  4 dream sheep (Lair:6)
  10 blink frogs
  4 hippogriffs
  A spriggan (D:7)
  A vampire (D:10)
  A wyvern (D:10)
  40 yaks
  2 hungry ghosts
  3 basilisks
  2 wargs (D:8)
  A soldier ant (D:10)
  2 swamp worms (Lair:4)
  9 water moccasins
  11 porcupines
  3 sky beasts
  3 ice beasts
  2 necrophages
  5 orc warriors
  3 slaves (D:5)
  4 phantoms
  12 wolves
  13 crocodiles
  7 ogres
  9 centaurs
  2 big kobolds
  16 bullfrogs
  2 gnoll sergeants
  A wyvern zombie (D:9)
  3 scorpions
  A water moccasin skeleton (D:6)
  11 killer bees
  6 wights
  8 howler monkeys
  An electric eel (Lair:2)
  2 centaur zombies
  2 crimson imps
  4 quasits
  9 hounds
  4 orc priests
  A jelly (D:8)
  3 centaur skeletons
  2 gnoll shamans (D:8)
  16 orc wizards
  Crazy Yiuf (D:2)
  10 iguanas
  8 worker ants
  A hound skeleton (D:6)
  2 worker ant zombies
  Robin (D:2)
  19 gnolls
  13 adders
  2 shadow imps
  An ooze (D:1)
  2 adder skeletons
  4 worms
  4 dart slugs
  8 leopard geckos
  52 orcs
  7 giant cockroaches
  10 goblins
  5 hobgoblins
  11 jackals
  18 kobolds
  4 quokkas
  4 ball pythons
  A ball python zombie (D:6)
  6 bats
  9 frilled lizards
  2 jackal zombies (D:5)
  2 leopard gecko skeletons
  6 rats
  A fungus (Lair:2)
520 creatures vanquished.

Vanquished Creatures (others)
  A two-headed ogre (D:9)
  A troll (D:9)
  A wight (D:6)
  An adder (D:6)
  An orc (D:9)
  6 fungi
  25 plants
  3 toadstools (D:1)
39 creatures vanquished.

Grand Total: 559 creatures vanquished

Notes
Turn   | Place    | Note
-------+----------+-------------------------------------------
     0 | D:1      | Inarius the Deep Elf Fire Elementalist began the quest for
                  | the Orb.
     0 | D:1      | Reached XP level 1. HP: 10/10 MP: 6/6
   172 | D:1      | Reached XP level 2. HP: 15/15 MP: 6/8
   254 | D:1      | Reached skill level 4 in Fire Magic
   766 | D:1      | Reached XP level 3. HP: 19/19 MP: 4/9
   794 | D:1      | Learned a level 2 spell: Throw Flame
  1377 | D:2      | Noticed Robin
  1405 | D:2      | Killed Robin
  1428 | D:2      | Reached XP level 4. HP: 22/24 MP: 1/11
  1467 | D:2      | Upgraded the game from 0.24-a0-373-g39439d866b to
                  | 0.24-a0-375-g4de66ed42b
  1537 | D:2      | Learned a level 3 spell: Conjure Flame
  1669 | D:2      | You fall into a shaft and drop 1 floor!
  1732 | D:3      | Reached skill level 5 in Fire Magic
  2268 | D:2      | Found a runed translucent door.
  2269 | D:2      | Noticed Crazy Yiuf
  2278 | D:2      | Killed Crazy Yiuf
  2278 | D:2      | Reached XP level 5. HP: 12/28 MP: 0/13
  2543 | D:2      | Learned a level 4 spell: Sticky Flame
  2591 | D:3      | Upgraded the game from 0.24-a0-375-g4de66ed42b to
                  | 0.24-a0-378-g94936e539c
  2941 | D:3      | Found a shimmering altar of Xom.
  3082 | D:4      | Found a sparkling altar of Nemelex Xobeh.
  3220 | D:4      | Found a runed translucent door.
  3230 | D:4      | Noticed Enish's ghost (amateur FoCK)
  3269 | D:4      | Reached skill level 1 in Staves
  3269 | D:4      | Reached XP level 6. HP: 32/32 MP: 10/15
  3768 | D:4      | Reached skill level 5 in Spellcasting
  3862 | D:4      | Reached skill level 6 in Fire Magic
  3979 | D:3      | Found an ornate altar of the Wu Jian Council.
  4161 | D:4      | Reached skill level 1 in Evocations
  4161 | D:4      | Reached XP level 7. HP: 36/36 MP: 6/16
  4375 | D:4      | Learned a level 5 spell: Fireball
  4441 | D:5      | Entered Level 5 of the Dungeon
  4464 | D:5      | Found a blossoming altar of Fedhas.
  4966 | D:5      | Found a stormy altar of Qazlal.
  5150 | D:5      | Found a sacrificial altar of Ru.
  5150 | D:5      | Found a bloodstained altar of Trog.
  5237 | D:6      | Reached skill level 7 in Fire Magic
  5564 | D:6      | Found a shattered altar of Ashenzari.
  5701 | D:6      | Reached XP level 8. HP: 41/41 MP: 13/19
  5742 | D:6      | Noticed Pikel
  6538 | D:6      | Killed Pikel
  6538 | D:6      | Reached skill level 8 in Fire Magic
  6946 | D:7      | Reached skill level 5 in Conjurations
  7028 | D:7      | Found a basalt altar of Yredelemnul.
  7129 | D:7      | Found a sacrificial altar of Ru.
  7237 | D:7      | Reached XP level 9. HP: 46/46 MP: 14/22
  7255 | D:7      | Reached skill level 9 in Fire Magic
  7473 | D:7      | Found a white marble altar of Elyvilon.
  7511 | D:7      | Found Poolabil's Mayhem Merchandise.
  7519 | D:7      | Found a staircase to the Ecumenical Temple.
  7524 | D:7      | Bought a wand of iceblast (7) for 132 gold pieces
  7532 | Temple   | Entered the Ecumenical Temple
  7685 | Temple   | Became a worshipper of Vehumet
  7945 | D:8      | Found Qatip's Book Shop.
  8241 | D:8      | Reached skill level 10 in Fire Magic
  8508 | D:8      | Reached skill level 5 in Evocations
  8541 | D:8      | Reached * piety under Vehumet
  8541 | D:8      | Offered knowledge of Freeze by Vehumet.
  8541 | D:8      | Reached skill level 1 in Fighting
  8559 | D:8      | Reached skill level 1 in Shields
  9008 | D:8      | Reached skill level 1 in Maces & Flails
  9021 | D:8      | Reached XP level 10. HP: 41/52 MP: 5/23
  9123 | D:8      | Identified the amulet "Ykommu" {+Inv rC- Regen+ SInv
                  | Stlth-}
  9381 | D:8      | Found Maedeuj's General Store.
  9400 | D:8      | Bought a scroll of identify for 28 gold pieces
  9447 | D:8      | Found a glowing golden altar of the Shining One.
  9466 | D:8      | Found a staircase to the Lair.
  9538 | D:8      | Found Beowk's Jewellery Emporium.
  9540 | D:8      | Reached ** piety under Vehumet
  9540 | D:8      | Offered knowledge of Sting by Vehumet.
  9643 | D:8      | Upgraded the game from 0.24-a0-378-g94936e539c to
                  | 0.24-a0-381-g637bb3806f
  9660 | D:9      | Reached skill level 11 in Fire Magic
 10448 | D:9      | Noticed a two-headed ogre
 10450 | D:9      | Found a shimmering altar of Xom.
 10460 | D:9      | Offered knowledge of Dazzling Spray by Vehumet.
 10565 | D:9      | Killed a two-headed ogre
 10720 | D:9      | Noticed a two-headed ogre
 10730 | D:9      | Killed a two-headed ogre
 10730 | D:9      | Reached skill level 12 in Fire Magic
 10871 | D:10     | Entered Level 10 of the Dungeon
 10878 | D:10     | Reached skill level 1 in Armour
 11020 | D:10     | Noticed a two-headed ogre
 11028 | D:10     | Killed a two-headed ogre
 11028 | D:10     | Reached XP level 11. HP: 56/56 MP: 1/24
 11290 | D:10     | Reached *** piety under Vehumet
 11316 | D:10     | Noticed Gastronok
 11409 | D:10     | Killed Gastronok
 11846 | D:10     | Found an iron altar of Okawaru.
 12090 | D:10     | Noticed an unseen horror
 12095 | D:10     | Killed an unseen horror
 12095 | D:10     | Reached skill level 13 in Fire Magic
 12624 | D:11     | Offered knowledge of Throw Icicle by Vehumet.
 12641 | D:11     | Learned a level 4 spell: Throw Icicle
 12681 | D:11     | Noticed a skeletal warrior
 12681 | D:11     | Noticed a skeletal warrior
 12682 | D:11     | Noticed a skeletal warrior
 12683 | D:11     | Noticed a skeletal warrior
 12779 | D:11     | Noticed a two-headed ogre
 12791 | D:11     | Killed a two-headed ogre
 12965 | D:11     | Found a staircase to the Orcish Mines.
 12981 | D:11     | Reached **** piety under Vehumet
 13110 | D:11     | Reached skill level 10 in Conjurations
 13132 | D:11     | Offered knowledge of Iskenderun's Battlesphere by Vehumet.
 13626 | D:11     | Noticed a two-headed ogre
 13737 | D:11     | Killed a two-headed ogre
 13737 | D:11     | Reached XP level 12. HP: 43/62 MP: 22/25
 13861 | D:11     | Reached skill level 14 in Fire Magic
 14395 | Lair:1   | Entered Level 1 of the Lair of Beasts
 14406 | Lair:1   | Reached ***** piety under Vehumet
 14406 | Lair:1   | Offered knowledge of Venom Bolt by Vehumet.
 14413 | Lair:1   | Learned a level 5 spell: Venom Bolt
 14493 | Lair:1   | You fall into a shaft and drop 1 floor!
 14577 | Lair:2   | Got a shimmering scimitar
 14613 | Lair:2   | Identified the +7 scimitar "Kyaroamu" {slice, *Noise rElec
                  | rPois rN+++} (You found it on level 2 of the Lair of
                  | Beasts)
 14821 | Lair:1   | Noticed a five-headed hydra
 14898 | Lair:1   | Killed a five-headed hydra
 14898 | Lair:1   | Reached skill level 5 in Dodging
 15126 | Lair:1   | Noticed an eight-headed hydra
 15154 | Lair:1   | Killed an eight-headed hydra
 16024 | Lair:1   | Identified a scroll of acquirement
 16349 | Lair:2   | Reached skill level 15 in Fire Magic
 16461 | Lair:2   | Noticed an eight-headed hydra
 16468 | Lair:2   | Killed an eight-headed hydra
 16468 | Lair:2   | Reached XP level 13. HP: 68/68 MP: 17/28
 18023 | Lair:4   | Reached skill level 10 in Spellcasting
 18264 | Lair:4   | Got a crude arbalest
 18669 | Lair:4   | Found a hole to the Spider Nest.
 18724 | Lair:4   | Offered knowledge of Yara's Violent Unravelling by Vehumet.
 18762 | Lair:4   | Got a heavily runed chain mail
 18944 | Lair:4   | Found a staircase to the Swamp.
 19195 | D:8      | Bought a book of Power for 540 gold pieces
 19201 | D:8      | Learned a level 5 spell: Bolt of Magma
 19718 | Lair:5   | Noticed Sonja
 19722 | Lair:5   | Noticed Sonja
 19722 | Lair:5   | Sonja changed into Sonja the meliai
 19731 | Lair:5   | Killed Sonja the meliai
 19909 | Lair:5   | Noticed Snorg
 19914 | Lair:5   | Killed Snorg
 20044 | Lair:5   | Identified the +4 chain mail of Purpose {rN+ Str+4 Int+5}
                  | (You found it on level 4 of the Lair of Beasts)
 20104 | Lair:6   | Entered Level 6 of the Lair of Beasts
 20216 | Lair:6   | Reached skill level 16 in Fire Magic
 20320 | Lair:6   | Found a sacrificial altar of Ru.
 20962 | Lair:6   | Reached XP level 14. HP: 76/76 MP: 8/31
 21297 | Lair:5   | Mangled by a komodo dragon

Levels and vault maps discovered:
D:1:      kilobyte_arrival_exit_the_forest, layout_loops_ring,
          minmay_gold_behind_fungi, hex_medium
D:2:      layout_loops_ring, first_ration, corexii_corridor_pit,
          uniq_crazy_yiuf_cottage, uniq_robin
D:3:      layout_rooms, nicolae_overflow_hidden_temple
D:4:      minmay_chambers_of_fours, layout_rooms,
          nemelex_xobeh_ov_fountains_minmay, ebering_ghost_reflecting_pool,
          minmay_divided_ellipse
D:5:      layout_loops_ring, grunt_temple_overflow_forces_of_nature,
          gammafunk_temple_overflow_wave
D:6:      layout_basic, marbit_many_paths, uniq_pikel
D:7:      layout_rooms, kennysheep_ying_yang, minmay_temple_entry_proselytizer,
          minmay_shop_mayhem, the_bakery, serial_bayou_pond_c,
          nicolae_ru_great_annihilating_truth
D:8:      layout_cave_pools, kennysheep_mini_moat, erik_lair_orcish_takeover,
          serial_gnoll_camp, gnoll_camp_medium_01, gnoll_camp_mini_shop,
          gnoll_camp_mini_hut, gnoll_camp_mini_shop, gnoll_camp_mini_loothouse,
          gnoll_camp_mini_shop
D:9:      layout_basic, xom_confusion_cloud
D:10:     layout_roguey, basic_altar, uniq_gastronok
D:11:     layout_roguey, hiddenorc2_lemuel
Temple:   minmay_temple_curvy_loop
Lair:1:   layout_regular_city, lemuel_fruit_fields
Lair:2:   layout_cave_shapes, gammafunk_lair_bear_cave, serial_bayou_shore_a
Lair:3:   layout_cave_shapes
Lair:4:   layout_hall_layers, palyth_hydra_swamp_entry,
          nicolae_spider_entry_non_spiders
Lair:5:   layout_gridlike, serial_bayou_shore_b, serial_bayou_shore_b,
          lemuel_fruit_tree, grunt_megastairs_4, uniq_snorg, uniq_sonja
Lair:6:   gammafunk_lair_ancient_temple, layout_gridlike,
          minmay_slime_entry_oklob_open, basic_altar

Skill      XL: |  1  2  3  4  5  6  7  8  9 10 11 12 13 |
---------------+----------------------------------------+-----
Fire Magic     | 4 5 6 7 8 10 12 13 15 16 | 16.3
Conjurations   | 2 3 4 5 6 8 10 11 12 | 12.4
Dodging        | 3 4 5 |  5.6
Spellcasting   | 4 5 6 7 9 11 | 11.4
Staves         | 1 |  1.4
Evocations     | 1 2 4 5 6 8 |  8.7
Fighting       | 1 3 4 |  4.9
Shields        | 1 2 4 |  4.2
Maces & Flails | 1 |  1.0
Armour         | 1 2 3 |  3.1
Short Blades   | |  0.2
Stealth        | |  2.8
Ice Magic      | |  0.1
Poison Magic   | |  0.3

Action                   |  1- 3 |  4- 6 |  7- 9 | 10-12 | 13-15 || total
-------------------------+-------+-------+-------+-------+-------++-------
Melee: Short sword       |     3 |    10 |    12 |       |       ||    25
       Quarterstaff      |       |     5 |       |       |       ||     5
       Morningstar       |       |       |    22 |       |       ||    22
       Staff             |       |       |       |    89 |    53 ||   142
 Cast: Flame Tongue      |    52 |    96 |   185 |   132 |       ||   465
       Throw Flame       |     8 |    25 |    78 |   208 |   122 ||   441
       Conjure Flame     |       |     5 |     5 |    18 |     1 ||    29
       Sticky Flame      |       |     1 |    14 |    77 |    48 ||   140
       Fireball          |       |       |     7 |    41 |    27 ||    75
       Throw Icicle      |       |       |       |     1 |     3 ||     4
       Venom Bolt        |       |       |       |     5 |     4 ||     9
       Bolt of Magma     |       |       |       |       |    42 ||    42
Evoke: Wand              |       |       |    11 |    19 |     3 ||    33
       Phial of floods   |       |       |       |       |     1 ||     1
  Use: Scroll            |     2 |     8 |     4 |     8 |     9 ||    31
 Stab: Sleeping          |       |       |     1 |       |       ||     1
  Eat: Chunk             |     2 |     9 |    15 |    37 |    19 ||    82
       Ration            |       |       |     1 |       |       ||     1
Armor: Robe              |     2 |       |    21 |     7 |       ||    30
       Animal skin       |       |    11 |    12 |       |       ||    23
       Troll leather arm |       |       |       |    33 |    26 ||    59
Dodge: Dodged            |    10 |    30 |    63 |    87 |    41 ||   231
Block: Buckler           |       |       |    26 |    21 |       ||    47
       Shield            |       |       |       |     4 |    52 ||    56

Table legend:
 A = Non-vault XP
 B = Vault XP
 C = Vault XP percentage of total XP
 D = Non-vault monster count
 E = Vault monster count
 F = Vault count percentage of total count
                 A         B        C        D         E       F
            +---------+---------+-------+---------+---------+-------
      Total |   52707 |   14151 |  21.2 |     385 |     131 |  25.4
            +---------+---------+-------+---------+---------+-------
        D:1 |      47 |       0 |   0.0 |      24 |       0 |   0.0
        D:2 |      30 |      73 |  70.9 |      12 |      12 |  50.0
        D:3 |     187 |       0 |   0.0 |      25 |       0 |   0.0
        D:4 |     221 |     254 |  53.5 |      11 |      17 |  60.7
        D:5 |     259 |       0 |   0.0 |       9 |       0 |   0.0
        D:6 |     694 |     705 |  50.4 |      25 |       2 |   7.4
        D:7 |     824 |     314 |  27.6 |      14 |       6 |  30.0
        D:8 |    1764 |    1040 |  37.1 |      42 |      28 |  40.0
        D:9 |    3224 |     432 |  11.8 |      28 |       4 |  12.5
       D:10 |    5499 |    2349 |  29.9 |      30 |       1 |   3.2
       D:11 |    8935 |     744 |   7.7 |      35 |      31 |  47.0
     Lair:1 |    7030 |       0 |   0.0 |      25 |       0 |   0.0
     Lair:2 |    3470 |     622 |  15.2 |      15 |       3 |  16.7
     Lair:3 |    5402 |       0 |   0.0 |      20 |       0 |   0.0
     Lair:4 |    2728 |    2390 |  46.7 |      19 |      14 |  42.4
     Lair:5 |    4529 |    1748 |  27.8 |      20 |       3 |  13.0
     Lair:6 |    7864 |    3480 |  30.7 |      31 |      10 |  24.4
            +---------+---------+-------+---------+---------+-------
